 Dungeon Crawl Stone Soup version 0.23-a0-435-g79ed067 (webtiles) character file.

16955 Lavandula the Nimble (level 12, 73/73 HPs)
             Began as a Deep Elf Earth Elementalist on Feb 24, 2018.
             Quit the game on level 12 of the Dungeon on Nov 15, 2018.
             The game lasted 00:45:53 (15638 turns).

Lavandula the Nimble (Deep Elf Earth Elementalist) Turns: 15638, Time: 00:45:54

Health: 73/73      AC:  6    Str:  5    XL:     12   Next: 14%
Magic:  13/28      EV: 17    Int: 26    God:
Gold:   81         SH:  0    Dex: 15    Spells: 9/31 levels left

rFire    + . .     SeeInvis .   H - +4 scimitar (flame)
rCold    . . .     Gourm    +   (no shield)
rNeg     . . .     Faith    .   E - +1 leather armour {rF+}
rPois    +         Spirit   .   K - +0 helmet
rElec    .         Reflect  .   P - scarf {repulsion}
rCorr    .         Harm     .   G - +0 pair of gloves
MR       ++...                  (no boots)
Stlth    ++........             z - amulet of the gourmand
HPRegen  0.62/turn              q - ring of poison resistance
MPRegen  0.21/turn              f - ring of protection from magic

@: repel missiles
A: blink, regeneration 1
a: Blink


You were on level 12 of the Dungeon.
You were hungry.

You visited 1 branch of the dungeon, and saw 12 of its levels.
You also visited: Sewer and Ossuary.

You collected 828 gold pieces.
You spent 747 gold pieces at shops.

Inventory:

Hand Weapons
 p - a +2 dagger of venom
 H - a +4 scimitar of flaming (weapon)
Missiles
 b - 120 stones (quivered)
 r - 3 throwing nets
 I - 7 steel javelins
Armour
 c - a +0 robe
 m - a scarf of repulsion
 D - +0 acid dragon scales
 E - a +1 leather armour of fire resistance (worn)
 G - a +0 pair of gloves (worn)
 K - a +0 helmet (worn)
 P - a scarf of repulsion (worn)
Magical Staves
 A - an uncursed staff of conjuration
 L - an uncursed staff of energy
Jewellery
 f - a ring of protection from magic (right hand)
 q - a ring of poison resistance (left hand)
 z - an amulet of the gourmand (around neck)
 O - an uncursed ring of protection from magic
Wands
 s - a wand of flame (92)
 y - a wand of polymorph (8)
 J - a wand of digging (14)
Scrolls
 g - 3 scrolls of random uselessness
 h - a scroll of amnesia
 i - 6 scrolls of teleportation
 k - 2 scrolls of fog
 u - 3 scrolls of enchant weapon
 v - 4 scrolls of remove curse
 x - 3 scrolls of immolation
 B - 2 scrolls of summoning
 C - 2 scrolls of magic mapping
 M - a scroll of enchant armour {unknown}
 Q - a scroll of fear {unknown}
Potions
 a - 6 potions of agility
 e - 3 potions of mutation
 j - 3 potions of berserk rage
 l - 11 potions of curing
 n - 6 potions of flight
 o - 2 potions of brilliance {unknown}
 t - 3 potions of heal wounds
 w - a potion of magic
 F - 2 potions of might
 N - a potion of ambrosia {unknown}
Comestibles
 d - 14 rations


   Skills:
 - Level 8.0 Fighting
 - Level 4.9 Short Blades
 - Level 10.2 Dodging
 - Level 4.1 Stealth
 - Level 10.0 Spellcasting
 + Level 3.4 Charms
 - Level 9.3 Translocations
 - Level 1.1 Transmutations
 - Level 9.8 Earth Magic
 - Level 3.0 Evocations


You had 9 spell levels left.
You knew the following spells:

 Your Spells              Type           Power        Failure   Level  Hunger
a - Sandblast             Erth           ######       1%          1    None
b - Stone Arrow           Conj/Erth      #####.       3%          3    None
c - Petrify               Tmut/Erth      #####...     9%          4    None
d - Lee's Rapid Deconstr  Erth           ######....   3%          5    ####...
e - Shroud of Golubria    Chrm/Tloc      #####.....   1%          2    None
f - Regeneration          Chrm/Necr      ###.......   12%         3    None
g - Passage of Golubria   Tloc           N/A          1%          4    None

Your spell library contained the following spells:

 Spells                   Type           Power        Failure   Level  Hunger
 Passwall                 Tmut/Erth      #####...     1%          2    None
 Force Lance              Conj/Tloc      #####...     11%         4    None
 Dispersal                Tloc           ######....   26%         6    #####..


Dungeon Overview and Level Annotations

Branches:
Dungeon (12/15)            Temple (0/1) D:4            Lair (0/6) D:11
    Orc (0/2) D:9

Altars:
Wu Jian
Xom

Shops:
D:8 ?   D:9 ([[

Annotations:
D:11 exclusion: 2 downstairs
D:12 Arum's ghost, journeyman MiGl; grom234's ghost, journeyman MiFi


Innate Abilities, Weirdness & Mutations

You can translocate small distances at will.
Your natural rate of healing is unusually fast.


Message History

Aiming: Lee's Rapid Deconstruction (safe; 3% risk of failure)
Press: ? - help, Dir - move target cursor The wall shatters!
The blast of rock fragments hits grom234's ghost.
Grom234's ghost is moderately damaged.
You are feeling hungry.
You hear a roar!
Evoke which item? (* to show all) (? for menu, Esc to quit)
Okay, then.
Okay, then.
Level annotation: Arum's ghost, journeyman MiGl; grom234's ghost, journeyman Welcome back, Lavandula the Deep Elf Earth Elementalist.
Press ? for a list of commands and other information.
Level annotation: Arum's ghost, journeyman MiGl; grom234's ghost, journeyman Welcome back, Lavandula the Deep Elf Earth Elementalist.
Press ? for a list of commands and other information.
Level annotation: Arum's ghost, journeyman MiGl; grom234's ghost, journeyman Welcome back, Lavandula the Deep Elf Earth Elementalist.
Press ? for a list of commands and other information.
Are you sure you want to abandon this character and quit the game? (Confirm

...
#...#.#####....
O..
#...#.......###
..=
##...#########
... #...## ...
##...# ###
#...## ##...#
##.(.## ##.@.##
#...## #![.##
#%[.## #..W
#...# #... .%..
#.$.


You could see grom234's ghost.

Vanquished Creatures
  A hydra (D:11)
  3 two-headed ogres
  3 skeletal warriors (D:11)
  An unseen horror (D:11)
  An ugly thing (D:10)
  A manticore (D:11)
  A cyclops (D:11)
  A gargoyle (D:10)
  A centaur skeleton (D:10)
  A komodo dragon (D:11)
  An efreet (D:10)
  A troll (D:11)
  2 hornets
  2 hippogriffs
  A vampire (D:11)
  4 yaks (D:10)
  2 wraiths (D:10)
  A hungry ghost (D:10)
  2 vampire mosquitoes
  Menkaure (Ossuary)
  An acid dragon (D:11)
  A water moccasin (D:11)
  5 orc warriors
  3 phantoms
  2 ice beasts
  2 sky beasts
  A necrophage (D:10)
  3 black bears
  7 ogres
  6 centaurs
  3 big kobolds
  12 bullfrogs
  Blork the orc (D:4)
  3 scorpions
  A troll zombie (Ossuary)
  13 killer bees
  A water moccasin skeleton (D:8)
  2 electric eels (D:4)
  9 wights
  A howler monkey (D:4)
  2 bullfrog zombies
  4 centaur zombies
  6 crimson imps
  4 hounds
  4 jellies
  15 orc wizards
  4 orc priests
  A bullfrog skeleton (D:10)
  A gnoll shaman (D:5)
  Terence (D:3)
  4 iguanas
  7 worker ants
  A killer bee zombie (D:10)
  An ogre zombie (Ossuary)
  2 hound zombies
  3 hound skeletons
  2 howler monkey zombies
  6 mummies (Ossuary)
  2 worker ant zombies
  Robin (D:4)
  7 adders
  7 gnolls
  A river rat (Sewer)
  2 shadow imps (D:5)
  4 adder zombies (Ossuary)
  An adder skeleton (D:8)
  3 worms
  6 leopard geckos
  52 orcs
  8 giant cockroaches
  11 goblins
  13 hobgoblins
  9 jackals
  7 quokkas
  A ball python (D:3)
  A ball python zombie (D:5)
  7 bats
  2 frilled lizards
  A gnoll zombie (Ossuary)
  2 goblin zombies (Ossuary)
  2 hobgoblin zombies (Ossuary)
  2 jackal skeletons
  14 kobolds
  3 kobold zombies (Ossuary)
  A quokka skeleton (D:5)
  5 quokka zombies (Ossuary)
  9 rats
  8 rat zombies (Ossuary)
368 creatures vanquished.

Vanquished Creatures (others)
  2 plants (D:11)
2 creatures vanquished.

Grand Total: 370 creatures vanquished

Notes
Turn   | Place    | Note
-------+----------+-------------------------------------------
     0 | D:1      | Lavandula the Deep Elf Earth Elementalist began the quest
                  | for the Orb.
     0 | D:1      | Reached XP level 1. HP: 10/10 MP: 6/6
   578 | D:1      | Reached XP level 2. HP: 15/15 MP: 6/9
  1207 | D:2      | Reached skill level 5 in Spellcasting
  1207 | D:2      | Reached XP level 3. HP: 19/19 MP: 7/11
  1212 | D:2      | Learned a level 3 spell: Stone Arrow
  1824 | D:2      | Reached XP level 4. HP: 24/24 MP: 5/13
  2462 | D:3      | Learned a level 4 spell: Petrify
  2475 | D:3      | Reached skill level 5 in Earth Magic
  2475 | D:3      | Reached XP level 5. HP: 15/28 MP: 4/14
  2620 | D:3      | Learned a level 5 spell: Lee's Rapid Deconstruction
  2635 | D:3      | Noticed Terence
  2647 | D:3      | Killed Terence
  3319 | D:3      | Reached XP level 6. HP: 22/32 MP: 7/15
  3543 | D:4      | Found a staircase to the Ecumenical Temple.
  4013 | D:4      | Noticed Robin
  4021 | D:4      | Reached skill level 1 in Evocations
  4151 | D:4      | Killed Robin
  4151 | D:4      | Reached XP level 7. HP: 26/36 MP: 1/16
  4541 | D:4      | Found a transporter.
  4616 | D:4      | Found a transporter.
  4664 | D:4      | Noticed Blork the orc
  4670 | D:4      | Killed Blork the orc
  4897 | D:5      | Entered Level 5 of the Dungeon
  5053 | D:5      | Found a transporter.
  5244 | D:5      | Gained mutation: You can translocate small distances at
                  | will. [potion of mutation]
  5244 | D:5      | Gained mutation: Your natural rate of healing is unusually
                  | fast. [potion of mutation]
  5393 | D:5      | Found a shimmering altar of Xom.
  5486 | D:5      | Found a transporter.
  5493 | D:5      | Found an ornate altar of the Wu Jian Council.
  5900 | D:6      | Reached XP level 8. HP: 41/41 MP: 13/17
  6082 | D:6      | Reached skill level 1 in Short Blades
  6173 | D:6      | Found a glowing drain.
  6217 | Sewer    | Entered a sewer
  6530 | Sewer    | Reached skill level 1 in Fighting
  6626 | Sewer    | Found a glowing silver altar of Zin.
  6681 | D:6      | Noticed a hippogriff
  6687 | D:6      | Killed a hippogriff
  6854 | D:7      | Reached XP level 9. HP: 39/51 MP: 8/18
  6916 | D:7      | Found a sand-covered staircase.
  6920 | Ossuary  | Entered an ossuary
  7002 | Ossuary  | Noticed Menkaure
  7013 | Ossuary  | Killed Menkaure
  8726 | D:8      | Reached skill level 10 in Spellcasting
  8816 | D:8      | Reached skill level 5 in Dodging
  9112 | D:8      | Found Uway's Magic Scroll Boutique.
  9121 | D:8      | Bought a scroll of remove curse for 33 gold pieces
  9121 | D:8      | Bought a scroll of summoning for 104 gold pieces
  9121 | D:8      | Bought a scroll of magic mapping for 38 gold pieces
  9277 | D:8      | Reached XP level 10. HP: 50/56 MP: 21/26
  9751 | D:9      | Found a staircase to the Orcish Mines.
  9751 | D:9      | Found Cylar's Weapon Shop.
  9802 | D:9      | Noticed a two-headed ogre
  9985 | D:9      | Noticed a two-headed ogre
  9988 | D:9      | Killed a two-headed ogre
 10227 | D:9      | Found Piumuoki's Armour Shop.
 10274 | D:9      | Killed a two-headed ogre
 10274 | D:9      | Reached skill level 10 in Dodging
 10900 | D:9      | Found Goginik's Antique Armour Shop.
 11012 | D:10     | Entered Level 10 of the Dungeon
 11031 | D:10     | Reached skill level 5 in Fighting
 11617 | D:10     | Reached XP level 11. HP: 65/65 MP: 20/27
 12242 | D:10     | Noticed a green ugly thing
 12249 | D:10     | Killed a green ugly thing
 13300 | D:8      | Bought a scroll of acquirement for 572 gold pieces
 13300 | D:8      | Identified the Catalogue of Twisted Protection (You
                  | acquired it on level 8 of the Dungeon)
 13305 | D:8      | Learned a level 2 spell: Shroud of Golubria
 13309 | D:8      | Learned a level 3 spell: Regeneration
 13314 | D:8      | Learned a level 4 spell: Passage of Golubria
 13361 | D:11     | Reached skill level 1 in Translocations
 13450 | D:11     | Noticed a five-headed hydra
 13679 | D:11     | Killed a five-headed hydra
 13679 | D:11     | Reached skill level 5 in Translocations
 13963 | D:11     | Noticed a skeletal warrior
 13963 | D:11     | Noticed a skeletal warrior
 13964 | D:11     | Noticed a skeletal warrior
 13977 | D:11     | Killed a skeletal warrior
 13977 | D:11     | Killed a skeletal warrior
 14342 | D:11     | Upgraded the game from 0.22-a0-247-gbddf880 to
                  | 0.22-a0-292-g0df9d5f
 14378 | D:11     | Killed a skeletal warrior
 14579 | D:11     | Found a staircase to the Lair.
 14687 | D:11     | Killed an unseen horror
 14851 | D:11     | Reached XP level 12. HP: 73/73 MP: 8/28
 15215 | D:12     | Noticed an eight-headed hydra
 15229 | D:12     | Noticed Arum's ghost (journeyman MiGl)
 15467 | D:12     | Noticed a two-headed ogre
 15475 | D:12     | Killed a two-headed ogre
 15576 | D:12     | Noticed grom234's ghost (journeyman MiFi)
 15638 | D:12     | Upgraded the game from 0.23-a0-393-g6e9e0f2 to
                  | 0.23-a0-435-g79ed067
 15638 | D:12     | Quit the game

Vault maps used:
D:1:      eino_arrival_water_star
D:2:      corexii_hall_statues_x, minmay_misc_feat_x
D:3:      first_ration, minmay_misc_feat_hallway, minmay_misc_feat_plants,
          columned_hall_lemuel, uniq_terence
D:4:      gammafunk_steamed_eel, minmay_temple_entry_statues_fountains,
          uniq_blork_the_orc, uniq_robin
D:5:      gammafunk_temple_overflow_arena, grunt_ministairs_12, led_xom_imps
D:6:      gup_sewer_entry_pipe
D:7:      nicolae_ossuary_entry_false_entrances
D:8:      serial_shops, shop, grunt_decor_resistance, blue_anna_alchemist
D:9:      orc_david_3, serial_shops, nicolae_shop_behind_doors,
          kennysheep_mini_moat, roderic_lattice_a
D:10:     minmay_opposing_rooms
D:11:     david_lair_shrubbed
D:12:     serial_curves, eino_curves_03, eino_curves_01, serial_park_tiny_1,
          uniq_kirke
Sewer:    sewer_kobolds
Ossuary:  ossuary_boxes_badplayer

Skill      XL: |  1  2  3  4  5  6  7  8  9 10 11 12 |
---------------+-------------------------------------+-----
Spellcasting   | 4 5 10 | 10.0
Earth Magic    | 4 5 6 7 9 |  9.8
Evocations     | 3 |  3.0
Short Blades   | 4 |  4.9
Fighting       | 3 6 8 |  8.0
Dodging        | 6 10 | 10.2
Stealth        | 4 |  4.1
Translocations | 8 9 |  9.3
Charms         | 3 |  3.4
Transmutations | |  1.1

Action                   |  1- 3 |  4- 6 |  7- 9 | 10-12 || total
-------------------------+-------+-------+-------+-------++-------
Melee: Dagger            |    16 |    20 |   101 |    48 ||   185
       Unarmed           |     2 |       |       |       ||     2
       Short sword       |       |     2 |       |       ||     2
       Scimitar          |       |       |       |    43 ||    43
 Cast: Sandblast         |    38 |    33 |    86 |    93 ||   250
       Stone Arrow       |    11 |    29 |    65 |    58 ||   163
       Lee's Rapid Decon |       |     4 |    24 |    72 ||   100
       Passage of Golubr |       |       |       |     2 ||     2
       Regeneration      |       |       |       |     1 ||     1
       Shroud of Golubri |       |       |       |     1 ||     1
Evoke: Wand              |       |       |       |     5 ||     5
  Use: Potion            |       |     2 |     1 |     1 ||     4
       Scroll            |       |       |    11 |     6 ||    17
 Stab: Sleeping          |     3 |     1 |    18 |     2 ||    24
       Distracted        |       |     1 |       |       ||     1
  Eat: Chunk             |     3 |     9 |    14 |    18 ||    44
       Ration            |       |       |     3 |     4 ||     7
Armor: Robe              |     5 |     1 |    11 |     3 ||    20
       Leather armour    |       |       |       |    20 ||    20
Dodge: Dodged            |    31 |    29 |    82 |   156 ||   298
       Deflected         |       |     1 |    11 |     2 ||    14
       Rpst.: Scimitar   |       |       |       |    21 ||    21

Table legend:
 A = Non-vault XP
 B = Vault XP
 C = Vault XP percentage of total XP
 D = Non-vault monster count
 E = Vault monster count
 F = Vault count percentage of total count
                 A         B        C        D         E       F
            +---------+---------+-------+---------+---------+-------
      Total |   24222 |       0 |   0.0 |     368 |       0 |   0.0
            +---------+---------+-------+---------+---------+-------
        D:1 |      27 |       0 |   0.0 |      17 |       0 |   0.0
        D:2 |      72 |       0 |   0.0 |      20 |       0 |   0.0
        D:3 |     283 |       0 |   0.0 |      32 |       0 |   0.0
        D:4 |     561 |       0 |   0.0 |      27 |       0 |   0.0
        D:5 |     896 |       0 |   0.0 |      29 |       0 |   0.0
        D:6 |    1358 |       0 |   0.0 |      31 |       0 |   0.0
        D:7 |    1266 |       0 |   0.0 |      24 |       0 |   0.0
        D:8 |    1214 |       0 |   0.0 |      21 |       0 |   0.0
        D:9 |    3529 |       0 |   0.0 |      38 |       0 |   0.0
       D:10 |    5047 |       0 |   0.0 |      45 |       0 |   0.0
       D:11 |    7863 |       0 |   0.0 |      29 |       0 |   0.0
       D:12 |    1433 |       0 |   0.0 |       9 |       0 |   0.0
      Sewer |     122 |       0 |   0.0 |       9 |       0 |   0.0
    Ossuary |     551 |       0 |   0.0 |      37 |       0 |   0.0
            +---------+---------+-------+---------+---------+-------
